 Dungeon Sprint DCSS version 0.31-a0-750-gfe7b580527 (webtiles) character file.

Game seed: 18196494465719480009

3761 rocky1 the Brawler (level 9, -4/83 HPs)
             Began as a Troll Shapeshifter on Sept 15, 2023.
             Was an Initiate of Gozag.
             Slain by a nine-headed hydra (11 damage)
             ... in the Dungeon (Sprint IX: "|||||||||||||||||||||||||||||").
             The game lasted 00:02:18 (735 turns).

rocky1 the Brawler (Troll Shapeshifter)              Turns: 735, Time: 00:02:20

Health: -4/83      AC:  6    Str: 26    XL:     9   Next: 94%
Magic:  8/8        EV: 11    Int:  9    God:    Gozag
Gold:   511        SH:  0    Dex: 11    Spells: 8/8 levels left

rFire   . .          .
                       - Unarmed
rCold   . . .        (no shield)
rNeg    . . .        a - +0 animal skin
rPois   .            (helmet currently unavailable)
rElec   .            (cloak currently unavailable)
rCorr   .            (gloves unavailable)
SInv    .            (boots unavailable)
Will    .....        (no amulet)
Stlth   +            o - +2 ring of protection
HPRegen 1.13/turn    p - +3 ring of intelligence
MPRegen 0.11/turn

%: no teleportation
@: beast-form, gold aura
A: beast (slay +4), large, unfitting armour, claws 3, regeneration 1, shaggy fur
1, tough skin 1
a: Begin Untransformation, Renounce Religion, Potion Petition, Call Merchant,
Bribe Branch


You were in the Dungeon.
You worshipped Gozag.
Gozag was pleased with you.
You were a hulking beast.
You visited 1 branch You collected 1431 gold pieces.
You spent 424 gold pieces at shops.
You paid 496 gold pieces to Gozag.

Inventory:

Missiles
 i - 7 large rocks (quivered)
 t - 3 poisoned darts
Armour
 a - a +0 animal skin (worn)
 n - a +0 cloak
Jewellery
 o - a +2 ring of protection (left claw)
 p - a +3 ring of intelligence (right claw)
Talismans
 c - a beast talisman (active)
 d - a flux talisman
Wands
 m - a wand of roots (10)
Scrolls
 j - 4 scrolls of blinking
 l - 2 scrolls of amnesia
 r - a scroll of identify
 s - 2 scrolls of enchant weapon
 u - 2 scrolls of enchant armour
 v - 3 scrolls of fog
 w - a scroll of revelation
Potions
 b - a potion of lignification
 e - 6 potions of curing
 f - 2 potions of heal wounds
 g - 3 potions of haste
 h - 4 potions of magic
 k - a potion of berserk rage
 q - a potion of brilliance


   Skills:
 + Level 3.6 Fighting
 + Level 6.2 Dodging
 * Level 18.9 Unarmed Combat
 + Level 9.9 Shapeshifting


You had 8 spell levels left.
You didn't know any spells.
Your spell library was empty.

Dungeon Overview and Level Annotations

Branches:
Dungeon (1/1)

Altars:
Cheibriados
Dithmenos
Elyvilon
Fedhas
Gozag
Hepliaklqana
Kikubaaqudgha
Makhleb
Nemelex Xobeh
Okawaru
Qazlal
Ru
Sif Muna
Trog
Uskayaw
Vehumet
Wu Jian
Xom
Yredelemnul
Zin
The Shining One
Jiyva
Lugonu

Shops:
D ?


Innate Abilities, Weirdness & Mutations

You are a hulking beast.
Your limbs bulge with bestial killing power. (Slay +4)
You are too large for most types of armour.
You have claws for hands.
Your natural rate of healing is unusually fast.
You are covered in fur. (AC +1)
You have tough skin. (AC +1)


Message History

The seven-headed hydra bites you but does no damage.
The seven-headed hydra barely misses you.
The seven-headed hydra bites you but does no damage.
The seven-headed hydra bites you!
The seven-headed hydra barely misses you.
You completely miss the seven-headed hydra.
The seven-headed hydra is lightly wounded.
The seven-headed hydra bites you but does no damage. x2
The seven-headed hydra bites you!
* * * LOW HITPOINT WARNING * * *
The seven-headed hydra closely misses you.
The seven-headed hydra bites you but does no damage.
The seven-headed hydra misses you.
The seven-headed hydra bites you but does no damage.
You rip one of the seven-headed hydra's heads off!
The six-headed hydra grows two more!
You mangle the eight-headed hydra!!
The eight-headed hydra is heavily wounded.
Unknown command.
You tear one of the eight-headed hydra's heads off!
The seven-headed hydra grows two more!
You scratch the nine-headed hydra. You claw the nine-headed hydra.
The nine-headed hydra is moderately wounded.
The nine-headed hydra barely misses you.
The nine-headed hydra closely misses you.
The nine-headed hydra barely misses you. x2
The nine-headed hydra closely misses you.
The nine-headed hydra bites you!
* * * LOW HITPOINT WARNING * * *
The nine-headed hydra bites you!
* * * LOW HITPOINT WARNING * * *
The nine-headed hydra barely misses you.
The nine-headed hydra bites you but does no damage.
You feel much better. The nine-headed hydra bites you!
* * * LOW HITPOINT WARNING * * *
The nine-headed hydra bites you.
* * * LOW HITPOINT WARNING * * *
The nine-headed hydra barely misses you.
The nine-headed hydra bites you!
You die...
Your body crumbles into a pile of gold.

,*,*,*,*,*,*,*,*+▓.▓_▓
,*,*,*,*,*,*,*,▓.▓.▓_▓
,*,*,*,*,*,*,*,▓.▓.▓_▓
,*,*,*,*,*,*,*,▓.▓.▓_▓
,*,*,*,*,▓.▓+▓.▓.▓.▓_▓##
,*,*,*,*,▓.▓o▓.▓.▓.▓_▓##
,*,*+*,*,▓.▓o▓.▓F▓.▓_▓##
,*,*,*,*,▓.▓o▓.▓D▓.▓_▓##
,*,*,*,*,▓.▓o▓.▓h▓.▓_▓##
,*,*,*,*,▓.▓o▓.▓$▓.▓_▓##
,*,*,*,*,▓.▓o▓.▓$▓.▓_▓##
,*,*,*,*,▓.▓o▓.▓.▓.▓_▓##
,*,*,*,*,▓.▓o▓.▓∩▓.▓_▓##
,*,*,*,*,▓.▓o▓.▓.▓.▓_▓##
+*,*,*,*,▓.▓o▓.▓.▓.▓_▓##
,*,*,*,*,▓.▓o▓.▓.▓.▓'▓##
,*,*+*,*,▓.▓o▓.▓.▓.▓.▓##


You could see a nine-headed hydra and a bullfrog.

Vanquished Creatures
  2 cyclopes (D)
  An elephant (D)
  An unseen horror (D)
  2 komodo dragons (D)
  A troll (D)
  3 yaks (D)
  2 acid dragons (D)
  A water moccasin (D)
  An orc warrior (D)
  A wolf (D)
  A bullfrog (D)
  A killer bee (D)
  A hound (D)
  An orc wizard (D)
  An ufetubus (D)
  2 orcs (D)
  2 ball pythons (D)
  An endoplasm (D)
  A quokka (D)
  A bat (D)
27 creatures vanquished.

Vanquished Creatures (others)
  A tengu warrior (D)
  An ugly thing (D)
2 creatures vanquished.

Grand Total: 29 creatures vanquished

Notes
Turn   | Place    | Note
-------+----------+-------------------------------------------
     0 | D        | rocky1 the Troll Shapeshifter began the quest for the Orb.
     0 | D        | Reached XP level 1. HP: 18/18 MP: 0/0
    13 | D        | Reached skill level 4 in Unarmed Combat
    19 | D        | Noticed a hound
    19 | D        | Noticed an orc wizard
    23 | D        | Reached XP level 2. HP: 22/26 MP: 1/1
    30 | D        | Reached skill level 5 in Unarmed Combat
    30 | D        | Reached XP level 3. HP: 32/32 MP: 2/2
    38 | D        | Reached skill level 1 in Fighting
    38 | D        | Reached skill level 6 in Unarmed Combat
    38 | D        | Reached skill level 5 in Shapeshifting
    38 | D        | Reached XP level 4. HP: 40/41 MP: 3/3
    43 | D        | Found a snail-covered altar of Cheibriados.
    43 | D        | Found a shadowy altar of Dithmenos.
    43 | D        | Found a white marble altar of Elyvilon.
    43 | D        | Found a blossoming altar of Fedhas.
    43 | D        | Found an opulent altar of Gozag.
    44 | D        | Found a hazy altar of Hepliaklqana.
    45 | D        | Found a viscous altar of Jiyva.
    46 | D        | Found an ancient bone altar of Kikubaaqudgha.
    47 | D        | Found a corrupted altar of Lugonu.
    48 | D        | Found a burning altar of Makhleb.
    49 | D        | Found a sparkling altar of Nemelex Xobeh.
    50 | D        | Found an iron altar of Okawaru.
    51 | D        | Became a worshipper of Gozag Ym Sagoz the Greedy
    52 | D        | Found a stormy altar of Qazlal.
    53 | D        | Found a sacrificial altar of Ru.
    54 | D        | Found a shimmering blue altar of Sif Muna.
    55 | D        | Found a bloodstained altar of Trog.
    56 | D        | Found a hide-covered altar of Uskayaw.
    57 | D        | Found a radiant altar of Vehumet.
    58 | D        | Found an ornate altar of the Wu Jian Council.
    59 | D        | Found a shimmering altar of Xom.
    60 | D        | Found a basalt altar of Yredelemnul.
    61 | D        | Found a glowing silver altar of Zin.
    62 | D        | Found a glowing golden altar of the Shining One.
   189 | D        | Noticed an acid dragon
   189 | D        | Noticed a yak
   189 | D        | Noticed an orc warrior
   189 | D        | Noticed a yak
   195 | D        | Killed an unseen horror
   196 | D        | Reached skill level 10 in Unarmed Combat
   196 | D        | Reached XP level 5. HP: 29/49 MP: 4/4
   196 | D        | Reached XP level 6. HP: 34/57 MP: 5/5
   198 | D        | Killed a yak
   199 | D        | Reached skill level 12 in Unarmed Combat
   201 | D        | Killed an orc warrior
   202 | D        | Reached XP level 7. HP: 44/63 MP: 6/6
   208 | D        | Killed a yak
   209 | D        | Reached skill level 13 in Unarmed Combat
   524 | D        | Noticed a cyclops
   524 | D        | Noticed a green ugly thing
   524 | D        | Noticed a tengu warrior
   524 | D        | Noticed a troll
   524 | D        | Noticed a cyclops
   529 | D        | Killed a cyclops
   530 | D        | Reached skill level 14 in Unarmed Combat
   530 | D        | Reached XP level 8. HP: 74/74 MP: 7/7
   530 | D        | Killed a troll
   531 | D        | Reached skill level 15 in Unarmed Combat
   535 | D        | Killed a tengu warrior
   536 | D        | Reached skill level 5 in Dodging
   537 | D        | Killed a green ugly thing
   538 | D        | Reached skill level 16 in Unarmed Combat
   538 | D        | Reached XP level 9. HP: 77/81 MP: 8/8
   546 | D        | Killed a cyclops
   547 | D        | Reached skill level 17 in Unarmed Combat
   695 | D        | Bought a scroll of blinking for 120 gold pieces
   695 | D        | Bought a scroll of fog for 64 gold pieces
   695 | D        | Bought a scroll of revelation for 120 gold pieces
   695 | D        | Bought a scroll of revelation for 120 gold pieces
   696 | D        | Noticed a komodo dragon
   696 | D        | Noticed a komodo dragon
   696 | D        | Noticed an orc sorcerer
   700 | D        | Noticed an elephant
   707 | D        | Killed a komodo dragon
   708 | D        | Noticed a four-headed hydra
   715 | D        | Killed a komodo dragon
   716 | D        | Reached skill level 18 in Unarmed Combat
   728 | D        | Killed an elephant
   734 | D        | HP: 4/83 [nine-headed hydra (11)]
   735 | D        | Slain by a nine-headed hydra

Illustrated notes

Levels and vault maps discovered:
D:        linesprint [early_d, line_temple, items_1, d_10, items_2, lair_1,
          lair_end, items_3, orc_1, orc_end, items_4, d_15, swamp_1, shoals_1,
          snake_1, spider_1, d_20, vaults_1, items_5, swamp_end, shoals_end,
          snake_end, spider_end, vaults_end, d_27, items_6, zot_1, zot_end,
          crypt_end, forest_end, elf_end, slime_end, tomb_end, abyss_end,
          pan_hell_end]

Skill      XL: |  1  2  3  4  5  6  7  8  9 |
---------------+----------------------------+-----
Unarmed Combat | 4 5 6 10 12 14 16 18 | 18.9
Dodging        | 2 3 4 5 6 |  6.2
Shapeshifting  | 4 5 7 8 9 |  9.9
Fighting       | 1 2 3 |  3.6

Action                     |  1- 3 |  4- 6 |  7- 9 || total
---------------------------+-------+-------+-------++-------
  Melee: Unarmed           |    26 |    12 |    71 ||   109
         Punch             |       |     1 |     9 ||    10
 Invoke: Call Merchant     |       |       |     1 ||     1
    Use: Potion            |       |       |     5 ||     5
         Scroll            |       |       |     1 ||     1
   Stab: Sleeping          |     1 |       |       ||     1
         Invisible         |       |       |     3 ||     3
 Armour: Animal skin       |     9 |    10 |    50 ||    69
  Dodge: Dodged            |    13 |     4 |    32 ||    49

Table legend: (Time is in decaauts)
 A = Elapsed time spent in this place.
 B = Non-inter-level travel time spent in this place.
 C = Inter-level travel time spent in this place.
 D = Time resting spent in this place.
 E = Time spent auto-exploring this place.
 F = Levels seen in this place.
 G = Mean time per level.
                   A        B        C        D        E       F      G
               +--------+--------+--------+--------+--------+-----+--------+
         Total |    714 |    714 |      0 |    400 |      0 |   1 |  714.0 |
       Dungeon |    714 |    714 |      0 |    400 |      0 |   1 |  714.0 |
               +--------+--------+--------+--------+--------+-----+--------+

Top non-repeatable levels by time:
       D: 714 daAuts
